 Dungeon Crawl Stone Soup version 0.24-a0-458-gfcb5e6da0e (webtiles) character file.

Game seed: 15102792122357924076

99 drasked the Chucker (level 4, -1/49 HPs)
             Began as an Ogre Hunter on June 27, 2019.
             Slain by a goblin
             ... wielding a +0 club
             ... led by Robin
              (2 damage)
             ... while paralysed by Grinder
             ... on level 3 of the Dungeon.
             The game lasted 00:07:58 (2546 turns).

drasked the Chucker (Ogre Hunter)                   Turns: 2546, Time: 00:07:59

Health: -1/49      AC:  3    Str: 17    XL:     4   Next: 72%
Magic:  4/4        EV:  1    Int: 12    God:
Gold:   166        SH:  0    Dex:  9    Spells: 3/3 levels left

rFire    . . .     SeeInvis .   j - +0 club
rCold    . . .     Gourm    .   (no shield)
rNeg     . . .     Faith    .   b - +0 robe
rPois    .         Spirit   .   (helmet restricted)
rElec    .         Reflect  .   (no cloak)
rCorr    .         Harm     .   (gloves unavailable)
MR       .....                  (boots unavailable)
Stlth    +.........             (no amulet)
HPRegen  0.16/turn              (no ring)
MPRegen  0.09/turn              (no ring)

@: paralysed
A: large, unfitting armour, tough skin 1
a: no special abilities


You were on level 3 of the Dungeon.
You were not hungry.

You visited 1 branch of the dungeon, and saw 3 of its levels.

You collected 166 gold pieces.

Inventory:

Hand Weapons
 j - a +0 club (weapon)
   (You took it off a goblin on level 2 of the Dungeon)
Missiles
 c - a large rock (quivered) {!d!d}
 d - 2 throwing nets {=f, !d=f}
 o - 10 poisoned darts
 Q - 56 stones
Armour
 b - a +0 robe (worn)
Scrolls
 f - a scroll of fog {unknown}
 h - 6 scrolls of identify {unknown}
 k - 2 scrolls of teleportation {unknown}
Potions
 g - a potion of lignification {unknown}
 i - 2 potions of ambrosia {unknown}
 l - a potion of degeneration {unknown}
 m - 3 potions of curing {unknown}
 n - a potion of heal wounds {unknown}
Comestibles
 e - 4 rations


   Skills:
 + Level 4.7 Fighting
 * Level 0.0 Maces & Flails
 + Level 5.0 Throwing
 - Level 1.9 Dodging
 - Level 0.8 Stealth


You had 3 spell levels left.
You didn't know any spells.
Your spell library contained the following spells:

 Spells                   Type           Power        Failure   Level  Hunger
 Beastly Appendage        Tmut           #.....       32%         1    ##.....
 Sticks to Snakes         Tmut           #.......     45%         2    ###....
 Spider Form              Tmut/Pois      #.........   69%         3    ####...
 Ice Form                 Ice/Tmut       #.......     97%         4    #####..
 Blade Hands              Tmut           #.........   100%        5    ######.


Dungeon Overview and Level Annotations

Branches:
Dungeon (3/15)

Altars:
Nemelex Xobeh
Xom

Annotations:
D:3 Grinder, Robin


Innate Abilities, Weirdness & Mutations

You are too large for most types of armour.
You have tough skin. (AC +1)


Message History

Throwing (i - inventory. (/) - cycle)
Q - 67 stones (quivered)
Aim: a goblin, wielding a +0 dagger You throw a stone.
The stone misses the goblin.
Throwing (i - inventory. (/) - cycle)
Q - 66 stones (quivered)
Aim: a goblin, wielding a +0 dagger You throw a stone.
The stone hits the goblin but does no damage.
Throwing (i - inventory. (/) - cycle)
Q - 65 stones (quivered)
Aim: a goblin, wielding a +0 dagger You throw a stone.
The stone completely misses the goblin.
Throwing (i - inventory. (/) - cycle)
Q - 64 stones (quivered)
Aim: a goblin, wielding a +0 dagger You throw a stone.
The stone hits the goblin.
Throwing (i - inventory. (/) - cycle)
Q - 63 stones (quivered)
Aim: a goblin, wielding a +0 dagger (heavily wounded)
You throw a stone. The stone hits the goblin.
You kill the goblin!
Throwing (i - inventory. (/) - cycle)
Q - 62 stones (quivered)
Aim: a kobold, wielding a +0 whip You throw a stone.
The stone barely misses the kobold.
Throwing (i - inventory. (/) - cycle)
Q - 61 stones (quivered)
Aim: a kobold, wielding a +0 whip You throw a stone.
The stone barely misses the kobold.
Throwing (i - inventory. (/) - cycle)
Q - 60 stones (quivered)
Aim: a kobold, wielding a +0 whip You throw a stone.
The stone barely misses the kobold.
Throwing (i - inventory. (/) - cycle)
Q - 59 stones (quivered)
Aim: a kobold, wielding a +0 whip You throw a stone.
The stone hits the kobold.
Throwing (i - inventory. (/) - cycle)
Q - 58 stones (quivered)
Aim: a kobold, wielding a +0 whip (moderately wounded)
You throw a stone. The stone closely misses the kobold.
You hit the kobold but do no damage. The kobold hits you but does no damage.
You hit the kobold.
You kill the kobold!
Grinder shouts!
You hear a shout! x3
Grinder is too close now for your liking.
Things that are here:
a +0 whip; a kobold corpse Grinder is nearby!
Throwing (i - inventory. (/) - cycle)
Q - 57 stones (quivered)
Aim: Grinder You throw a stone.
The stone hits Grinder.
Quiver which item? (- for none, * to show all) (? for menu, Esc to quit)
Quivering
c - 4 large rocks {!d!d} for throwing.
Throwing (i - inventory. (/) - cycle)
c - 4 large rocks (quivered)
{!d!d}
Aim: Grinder (lightly wounded)
You throw a large rock {!d!d}. The large rock {!d!d} hits Grinder.
You hear a shout!
Throwing (i - inventory. (/) - cycle)
c - 3 large rocks (quivered)
{!d!d}
Aim: Grinder (lightly wounded)
You throw a large rock {!d!d}.
The large rock {!d!d} barely misses Grinder.
Throwing (i - inventory. (/) - cycle)
c - 2 large rocks (quivered)
{!d!d}
Aim: Grinder (lightly wounded)
You throw a large rock {!d!d}. The large rock {!d!d} hits Grinder!!
You hear a shout!
Grinder gestures at you.
You suddenly lose the ability to move!
A hobgoblin comes into view.
A goblin comes into view. It is wielding a +0 club.
You hear a shout! x2
Grinder hits you!
You writhe in agony.
Robin of the Strong Arm comes into view.
They are wielding a +0 mace.
Grinder barely misses you. Grinder hits you!
* * * LOW HITPOINT WARNING * * *
You writhe in agony.
* * * LOW HITPOINT WARNING * * *
A goblin comes into view. It is wielding a +0 club.
Grinder blinks!
Robin throws the goblin at you! The goblin hits you but does no damage.
The goblin hits you with a +0 club.
* * * LOW HITPOINT WARNING * * *
Robin throws the goblin at you! The goblin hits you with a +0 dagger.
* * * LOW HITPOINT WARNING * * *
The goblin hits you with a +0 club.
* * * LOW HITPOINT WARNING * * *
You can move again.
You take 30 damage, and have 19/49 hp.
MASSIVE DAMAGE!!
You closely miss the goblin. The goblin hits you but does no damage.
The goblin closely misses you. The goblin hits you with a +0 club.
* * * LOW HITPOINT WARNING * * *
Grinder gestures at you. You resist with significant effort.
The hobgoblin hits you.
* * * LOW HITPOINT WARNING * * *
The goblin hits you with a +0 dagger.
* * * LOW HITPOINT WARNING * * *
You take 8 damage, and have 11/49 hp.
You hit the goblin. The goblin barely misses you.
The goblin hits you with a +0 club.
* * * LOW HITPOINT WARNING * * *
Grinder gestures at you.
You suddenly lose the ability to move!
The hobgoblin hits you.
* * * LOW HITPOINT WARNING * * *
The goblin hits you with a +0 dagger.
* * * LOW HITPOINT WARNING * * *
The goblin hits you with a +0 club.
You die...

#...###..#.#
#... ...# #
#..( ##(.
#..( .(...
... g#####
#.(##(.....
#..((.....#
#.#gg....##
#.g@5......
#.#g####...
# #.# #<#
###


You could see Grinder, Robin, a hobgoblin and 3 goblins.

Levels and vault maps discovered:
D:1:      ncdulo_smallfort, layout_rooms
D:2:      layout_basic, xom_butterflies, lemuel_round_altar
D:3:      layout_basic, first_ration, uniq_natasha, uniq_grinder, uniq_robin,
          uniq_jessica

Notes
Turn   | Place    | Note
-------+----------+-------------------------------------------
     0 | D:1      | drasked the Ogre Hunter began the quest for the Orb.
     0 | D:1      | Reached XP level 1. HP: 22/22 MP: 1/1
   146 | D:1      | Reached skill level 3 in Fighting
   161 | D:1      | Reached XP level 2. HP: 24/31 MP: 2/2
   305 | D:1      | Identified a cursed -2 whip
   610 | D:2      | Identified a +0 whip
   744 | D:2      | Identified a +0 short sword
   755 | D:2      | Reached XP level 3. HP: 37/37 MP: 3/3
   877 | D:2      | Found a shimmering altar of Xom.
  1123 | D:2      | Found a sparkling altar of Nemelex Xobeh.
  1658 | D:2      | Identified a +0 club
  1658 | D:2      | Identified a +0 hunting sling
  1662 | D:2      | Reached skill level 4 in Fighting
  1928 | D:2      | Reached XP level 4. HP: 48/48 MP: 4/4
  2031 | D:3      | Noticed Grinder
  2031 | D:3      | Identified a +0 whip
  2090 | D:3      | Identified a +0 dagger
  2090 | D:3      | Identified a +0 scale mail
  2090 | D:3      | Identified a +0 club
  2093 | D:3      | Identified a +0 whip
  2093 | D:3      | Identified a +0 scale mail
  2288 | D:3      | Reached skill level 5 in Throwing
  2520 | D:3      | Identified a +0 dagger
  2539 | D:3      | Paralysed by Grinder for 6 turns
  2539 | D:3      | Identified a +0 club
  2541 | D:3      | Identified a +0 mace
  2541 | D:3      | Identified a +1 animal skin
  2541 | D:3      | Identified a +0 helmet
  2541 | D:3      | Noticed Robin
  2542 | D:3      | Identified a +0 club
  2544 | D:3      | Identified a +0 dagger
  2545 | D:3      | HP: 11/49 [goblin/+0 dagger[Robin] (2)]
  2546 | D:3      | Paralysed by Grinder for 2 turns
  2546 | D:3      | HP: 3/49 [hobgoblin[Robin] (4)]
  2546 | D:3      | HP: 1/49 [goblin/+0 dagger[Robin] (2)]
  2546 | D:3      | Slain by a goblin

Table legend:
 A = Turns spent in this place as a percentage of turns spent in the entire game.
 B = Non-inter-level travel turns spent in this place as a percentage of non-inter-level travel turns spent in the entire game.
 C = Inter-level travel turns spent in this place as a percentage of turns spent in this place.
 D = Turns resting spent in this place as a percentage of non-inter-level travel turns spent in this place.
 E = Turns spent auto-exploring this place as a percentage of non-inter-level travel turns spent in this place.
 F = Non-inter-level travel turns spent in this place divided by the number of levels of this place that you've seen.
                   A       B       C       D       E      F
               +-------+-------+-------+-------+-------+----------------------
         Total | 100.0 | 100.0 |  11.6 |  29.3 |  50.9 | 750.3
       Dungeon | 100.0 | 100.0 |  11.6 |  29.3 |  50.9 | 750.3
               +-------+-------+-------+-------+-------+----------------------

Table legend:
 A = Kills in this place as a percentage of kills in entire the game.
 B = Kills by you in this place as a percentage of kills by you in the entire game.
 C = Kills by friends in this place as a percentage of kills by friends in the entire game.
 D = Other kills in this place as a percentage of other kills in the entire game.
 E = Experience gained in this place as a percentage of experience gained in the entire game.
 F = Experience gained in this place divided by the number of levels of this place that you have seen.
                   A       B       C       D       E      F
               +-------+-------+-------+-------+-------+----------------------
         Total | 100.0 | 100.0 |   N/A |   N/A | 100.0 |  47.3
       Dungeon | 100.0 | 100.0 |   N/A |   N/A | 100.0 |  47.3
               +-------+-------+-------+-------+-------+----------------------

Skill      XL: |  1  2  3  4 |
---------------+-------------+-----
Fighting       | 3 4 |  4.7
Throwing       | 5 |  5.0
Dodging        | |  1.9
Stealth        | |  0.8

Action                   |  1- 3 |  4- 6 || total
-------------------------+-------+-------++-------
Melee: Short sword       |    79 |    31 ||   110
       Club              |       |     4 ||     4
Throw: Large rock        |    12 |     3 ||    15
       Stone             |    42 |    12 ||    54
       Dart              |     7 |       ||     7
  Eat: Chunk             |     3 |     2 ||     5
Armor: Robe              |    20 |     6 ||    26
Dodge: Dodged            |    50 |    10 ||    60

Vanquished Creatures
  An orc priest (D:3)
  2 adders (D:2)
  A worm (D:2)
  3 dart slugs
  3 orcs
  6 giant cockroaches
  4 hobgoblins
  2 ball pythons
  4 bats
  2 frilled lizards
  5 goblins
  4 kobolds
  3 rats (D:2)
40 creatures vanquished.
